[Event "Late-Titled-Tuesday-Blitz-December-26-2023"]
[Site "Chess.com"]
[Date "2023.12.26"]
[Round "6"]
[White "djano"]
[Black "Iball95"]
[Result "0-1"]
[WhiteElo "2647"]
[BlackElo "2821"]
[TimeControl "180+1"]
[EndTime "15:06:35 PST"]
[Termination "Iball95 won by checkmate"]

1. e4 c5 2. Nc3 e6 3. Nge2 a6 4. g3 d5 5. exd5 exd5 6. d4 Nf6 7. Bg2 Nc6 8. O-O Be7 9. dxc5 Bxc5 10. Bg5 O-O 11.
Nxd5 Be7 12. Nxe7+ Qxe7 13. Nc3 Qe5 14. Bf4 Qa5 15.
Nd5 Nxd5 16. Qxd5 Qb6 17. Qb3 Qa5 18. c3 h5 19. Rfe1 h4 20. Rad1 h3 21. Bf3 Qf5 22. Rd5 Qg6 23. Rg5 Qf6 24. Rh5 g6 25. Rc5 Ne7 26.
Bg5 Qxf3 27. Kf1 Nf5 28. Bf4 Bd7 29. Rc7 Rae8 30. Re5 Rxe5 31. Bxe5 Be6 32. Qxb7 Qd1# 0-1

[Event "Late-Titled-Tuesday-Blitz-December-26-2023"]
[Site "Chess.com"]
[Date "2023.12.26"]
[Round "6"]
[White "OneTrickPony_82"]
[Black "MFBerna"]
[Result "1-0"]
[WhiteElo "2494"]
[BlackElo "2375"]
[TimeControl "180+1"]
[EndTime "15:06:35 PST"]
[Termination "OneTrickPony_82 won on time"]

1. d4 Nf6 2. c4 g6 3. Nc3 d5 4.
Nf3 Bg7 5. h4 h5 6. Bg5 dxc4 7.
e4 c6 8. Bxc4 O-O 9. Ne5 e6 10.
Qf3 b5 11. Bb3 Bb7 12. O-O-O Na6 13. g4 b4 14. Na4 c5 15. Nxc5 Rc8 16. Kb1 Nxc5 17.
dxc5 Bxe4+ 18. Qxe4 Qxd1+ 19. Rxd1 Nxe4 20. Nd7 hxg4 21. Nxf8 Kxf8 22. c6 f6 23. Bxe6 Rxc6 24. Bd5 Rd6 25.
Bf4 Rd8 26. Be3 f5 27. Bxa7 Bf6 28. Kc1 Bxh4 29. Bxe4 Rxd1+ 30. Kxd1 fxe4 31. Ke2 Kf7 32. Bc5 1-0

[Event "Late-Titled-Tuesday-Blitz-December-26-2023"]
[Site "Chess.com"]
[Date "2023.12.26"]
[Round "6"]
[White "ATM622"]
[Black "Mystery2007"]
[Result "1-0"]
[WhiteElo "2435"]
[BlackElo "2576"]
[TimeControl "180+1"]
[EndTime "15:06:37 PST"]
[Termination "ATM622 won by checkmate"]

1. d4 b6 2. c4 Bb7 3. Nf3 e6 4. g3 Nf6 5. Bg2 Bb4+ 6. Nbd2 O-O 7. O-O Bxd2 8. Bxd2 d6 9. Rc1 Nbd7 10. b4 Qe7 11. a4 c5 12. a5 cxd4 13. Nxd4 Bxg2 14. Kxg2 Ne5 15. f4 Qb7+ 16. Kg1 Nc6 17. a6 Qd7 18. Bc3 Nxd4 19. Qxd4 Rac8 20. Rfd1 Rfd8 21. g4 Qc6 22. g5 Ne8 23. Bb2 Qa4 24. b5 Qb4 25. h4 Rc5 26. h5 f6 27. gxf6 gxf6 28. Kf2 Rxh5 29. Rg1+ Kf7 30. Rh1 Rxh1 31. Rxh1 Kg8 32. Qe4 Qc5+ 33. Bd4 Qf5 34. Qg2+ Qg6 35. Qc6 Qg4 36.
Rg1 Qxg1+ 37. Kxg1 e5 38. Be3 Kf7 39. f5 Ng7 40.
Qc7+ Ke8 41. Qxg7 Rd7 42. Qxf6 Re7 43. Bg5 Rf7 44. Qd8# 1-0

[Event "Late-Titled-Tuesday-Blitz-December-26-2023"]
[Site "Chess.com"]
[Date "2023.12.26"]
[Round "6"]
[White "topce"]
[Black "Vision_64"]
[Result "1/2-1/2"]
[WhiteElo "2392"]
[BlackElo "2310"]
[TimeControl "180+1"]
[EndTime "15:06:38 PST"]
[Termination "Game drawn by repetition"]

1. c4 Nf6 2. Nc3 g6 3. e4 d6 4.
d4 Bg7 5. f4 O-O 6. Nf3 Nc6 7.
d5 Nb8 8. Bd3 e5 9. dxe6 Bxe6 10. O-O Nc6 11. f5 Bd7 12. fxg6 fxg6 13. Bg5 Qe8 14. Qd2 Ng4 15. Nd5 Rc8 16. h3 Nf6 17.
Rae1 Nxd5 18. exd5 Ne5 19. Nxe5 Bxe5 20. Bh6 Rxf1+ 21. Rxf1 Bg7 22. Bxg7 Kxg7 23. Re1 Qf7 24. Qc3+ Kg8 25. Rf1 Qg7 26. Qxg7+ Kxg7 27. Re1 Re8 28. Rxe8 Bxe8 29. b4 Kf6 30. Kf2 Ke5 31. Ke3 Ba4 32.
g3 Bd7 33. h4 b6 34. a3 Ba4 35. Be2 Bb3 36. Bd3 Ba4 37. g4 Bd7 38. g5 Bg4 39. Be4 Bd7 40. h5 gxh5 41. Bxh7 h4 42. g6 Kf6 43.
Kf4 h3 44. Kg3 Kg7 45. Kh2 Bf5 46. Kg3 Bxg6 47. Bxg6 Kxg6 48. Kxh3 Kf5 49. Kg3 Ke4 50. Kg4 Kd4 51. Kf5 Kxc4 52. Ke6 Kd4 53. b5 Kc5 54. a4 Kb4 55. Kd7 Kc5 56. Ke6 Kb4 57. Kd7 Kc5 58. Ke6 1/2-1/2

[Event "Late-Titled-Tuesday-Blitz-December-26-2023"]
[Site "Chess.com"]
[Date "2023.12.26"]
[Round "6"]
[White "Aguiar94"]
[Black "Byniolus"]
[Result "0-1"]
[WhiteElo "2576"]
[BlackElo "2817"]
[TimeControl "180+1"]
[EndTime "15:06:40 PST"]
[Termination "Byniolus won by resignation"]

1. e4 d6 2. d4 Nf6 3. Nc3 c6 4. Nf3 Bg4 5. Be2 e6 6. O-O d5 7.
Ne5 Bxe2 8. Qxe2 Be7 9. exd5 exd5 10. Bg5 O-O 11. Rad1 Nbd7 12. Rd3 Re8 13. f4 Nf8 14. Kh1 Qb6 15. b3 Ne6 16. Na4 Qc7 17. Nc3 b5 18. Re1 b4 19. Bxf6 Bxf6 20. Ng4 bxc3 21. f5 Bh4 22. g3 Bg5 23. fxe6 Rxe6 24. Qf1 Rxe1 25. Qxe1 Bd2 26. Qe2 f6 27. Qe6+ Qf7 28. Qxc6 Re8 29. Rf3 h5 30. Ne5 Qe6 31. Qxe6+ Rxe6 32.
Nd3 Re4 33. Rf5 Rxd4 34. Rxh5 Rxd3 35. cxd3 c2 0-1

[Event "Late-Titled-Tuesday-Blitz-December-26-2023"]
[Site "Chess.com"]
[Date "2023.12.26"]
[Round "6"]
[White "morte-negra"]
[Black "GMJustin"]
[Result "0-1"]
[WhiteElo "2003"]
[BlackElo "2236"]
[TimeControl "180+1"]
[EndTime "15:06:41 PST"]
[Termination "GMJustin won on time"]

1. e4 c5 2. Nf3 d6 3. d4 cxd4 4.
Nxd4 Nf6 5. Nc3 a6 6. Rg1 Nc6 7. Nb3 e6 8. g4 d5 9. exd5 Nxd5 10. Ne4 Be7 11. Bd2 O-O 12. Qe2 a5 13. O-O-O a4 14.
Nbc5 Qb6 15. Nd3 Nd4 16. Qe1 Nf3 17. Be3 Nxe3 18. Qxe3 Qxe3+ 19. fxe3 Nxg1 20. Bg2 f5 21. Nc3 fxg4 22. Rxg1 Bd6 23. h3 gxh3 24. Bxh3 e5 25. Bg2 Be6 26. Ne4 Be7 27. Kb1 a3 28. Nxe5 axb2 29.
Kxb2 Rxa2+ 30. Kc3 Ra3+ 31. Kb2 Rxe3 0-1

[Event "Late-Titled-Tuesday-Blitz-December-26-2023"]
[Site "Chess.com"]
[Date "2023.12.26"]
[Round "6"]
[White "Abduzhaparov"]
[Black "Predator0608"]
[Result "0-1"]
[WhiteElo "2390"]
[BlackElo "2533"]
[TimeControl "180+1"]
[EndTime "15:06:42 PST"]
[Termination "Predator0608 won by resignation"]

1. d4 d6 2. e4 Nd7 3. Nc3 e6 4. f4 Ne7 5. Nf3 b6 6. a4 Bb7 7. a5 a6 8. axb6 cxb6 9. Be3 d5 10. e5 Nc6 11. f5 exf5 12. Nxd5 g6 13. Bg5 Be7 14.
Nxe7 Nxe7 15. Bc4 h6 16. Bh4 g5 17. Bf2 Nd5 18. O-O Qc7 19. Bd3 f4 20. Bf5 Nf8 21.
c4 Ne7 22. Bd3 Neg6 23. d5 Qd7 24. e6 fxe6 25. dxe6 Qc6 26. Qc2 Ne5 27. Bd4 Nxf3+ 28. gxf3 Rg8 29. e7 Ne6 30. Rae1 Nxd4 31. Bg6+ Rxg6 32.
Qd3 0-1

[Event "Late-Titled-Tuesday-Blitz-December-26-2023"]
[Site "Chess.com"]
[Date "2023.12.26"]
[Round "6"]
[White "Championnn-9"]
[Black "Thjop"]
[Result "0-1"]
[WhiteElo "2512"]
[BlackElo "2697"]
[TimeControl "180+1"]
[EndTime "15:06:43 PST"]
[Termination "Thjop won by checkmate"]

1. e4 e6 2. Nf3 d5 3. exd5 exd5 4. d4 Nc6 5. Bb5 Bg4 6. O-O Bd6 7. h3 Bh5 8. Be3 Ne7 9. c4 dxc4 10. Nc3 O-O 11.
Bxc4 Qd7 12. Ne4 Rad8 13. a3 a6 14. Re1 Rfe8 15. Bg5 h6 16. Bxh6 Nf5 17. Bxg7 Kxg7 18. Qd2 Bg6 19. g4 Nh6 20. Qg5 Be7 21. Qf4 Nxd4 22.
Ne5 Bd6 23. Qf6+ Kg8 24. Nxd6 Qxd6 25. Qxg6+ Qxg6 26. Nxg6 Nf3+ 27. Kf1 Nxe1 28. Nf4 Nf3 29. Ba2 Rd2 30. g5 Nf5 31. g6 Nd6 32. gxf7+ Nxf7 33.
Kg2 Nh4+ 34. Kg3 Nf5+ 35. Kg4 Nh6+ 36. Kh5 Re5+ 37. Kh4 Rxf2 38. Rg1+ Kh7 39. Bb1+ Nf5+ 40. Kh5 Rxf4 41. Rg6 Rh4# 0-1

[Event "Late-Titled-Tuesday-Blitz-December-26-2023"]
[Site "Chess.com"]
[Date "2023.12.26"]
[Round "6"]
[White "Doraemon7"]
[Black "koncheto"]
[Result "1-0"]
[WhiteElo "2695"]
[BlackElo "2535"]
[TimeControl "180+1"]
[EndTime "15:06:44 PST"]
[Termination "Doraemon7 won on time"]

1. d4 Nf6 2. c4 e6 3. g3 c5 4. Nf3 cxd4 5. Nxd4 Nc6 6. Bg2 Be7 7. O-O O-O 8. Nc3 a6 9. Nb3 Qc7 10. Bf4 d6 11.
Rc1 Ne5 12. Ne4 Bd7 13. c5 d5 14. Qd4 Nxe4 15. Bxe5 Qc6 16. Bxg7 Rfe8 17. f3 f6 18.
fxe4 Kxg7 19. exd5 exd5 20. Bxd5 Qc7 21. Qf4 Qc8 22. e3 Be6 23. Bg2 Rd8 24. Na5 Bd5 25. Bxd5 Rxd5 26. Qe4 Qd7 27. c6 bxc6 28. Nxc6 Bc5 29.
Rc4 Qxc6 30. Rfc1 Rc8 31. b4 Re5 32. Qg4+ Kf8 33. Rxc5 Rxc5 34. Rxc5 1-0

[Event "Late-Titled-Tuesday-Blitz-December-26-2023"]
[Site "Chess.com"]
[Date "2023.12.26"]
[Round "6"]
[White "ChristopherYoo"]
[Black "Nf3c5"]
[Result "0-1"]
[WhiteElo "2946"]
[BlackElo "2519"]
[TimeControl "180+1"]
[EndTime "15:06:45 PST"]
[Termination "Nf3c5 won by resignation"]

1. d4 Nf6 2. c4 e6 3. Nc3 Bb4 4. a3 Bxc3+ 5. bxc3 c5 6. e3 Nc6 7. Bd3 b6 8. Ne2 Ba6 9. O-O Qc7 10. e4 d6 11. f4 O-O-O 12. Qa4 Na5 13. e5 Ne8 14. Be3 f5 15. Rac1 h6 16. Rfd1 dxe5 17. fxe5 g5 18. d5 exd5 19. cxd5 Bxd3 20. Rxd3 Qxe5 21. Nd4 Rxd5 22. Nc6 Nxc6 23. Qxc6+ Nc7 24. Rcd1 Rhd8 25. Rxd5 Rxd5 26. Rxd5 Qxd5 27. Qxh6 f4 28. Bxf4 gxf4 29.
Qxf4 Qd1+ 30. Kf2 Qc2+ 31. Kf1 Qxc3 32. h4 Ne6 33. Qf5 Qc4+ 34. Kg1 Qd4+ 35. Kf1 Qf4+ 36. Qxf4 Nxf4 37. g4 c4 38. Kf2 c3 39. Ke1 b5 40.
Kd1 a5 41. Kc2 b4 42. axb4 axb4 43. h5 Kd7 44. Kb3 Ke6 45. h6 Kf7 46. g5 Kg6 47. Kc2 Kxg5 48. h7 Ng6 49. Kb3 Kh6 0-1

[Event "Late-Titled-Tuesday-Blitz-December-26-2023"]
[Site "Chess.com"]
[Date "2023.12.26"]
[Round "6"]
[White "maurovargas01"]
[Black "Felix-Rose"]
[Result "0-1"]
[WhiteElo "1836"]
[BlackElo "2233"]
[TimeControl "180+1"]
[EndTime "15:06:45 PST"]
[Termination "Felix-Rose won on time"]

1. e4 e5 2. Nf3 Nc6 3. d4 exd4 4.
Bc4 Nf6 5. O-O Nxe4 6. Bd5 Nf6 7. Re1+ Ne7 8. Ng5 Nxd5 9. Qh5 g6 10. Qf3 f6 11. Qxd5 fxg5 12. Bxg5 c6 13. Qxd4 Rg8 14.
Nc3 d5 15. Rad1 h6 16. Bf6 Bf5 17. g4 Bxc2 18. Rd2 Be4 19. Nxe4 dxe4 20. Qe3 Qc7 21. Qxe4 Rd8 22. Rde2 Rd7 23. Qe6 Qf4 24. Re4 Qf3 25. R4e3 Qd5 26. Bxe7 Qxe6 27. Rxe6 Rxe7 0-1

[Event "Late-Titled-Tuesday-Blitz-December-26-2023"]
[Site "Chess.com"]
[Date "2023.12.26"]
[Round "6"]
[White "vladoboch"]
[Black "Cipy77"]
[Result "1-0"]
[WhiteElo "2429"]
[BlackElo "2571"]
[TimeControl "180+1"]
[EndTime "15:06:47 PST"]
[Termination "vladoboch won by resignation"]

1. e4 c5 2. Nf3 Nc6 3. Bb5 Qb6 4. Nc3 e6 5. O-O a6 6. Be2 Nge7 7. b3 Ng6 8. Re1 Be7 9. Bb2 O-O 10. Na4 Qc7 11.
d4 cxd4 12. Nxd4 b5 13. Nc3 Nxd4 14. Qxd4 Bf6 15. Qe3 Bb7 16. Rac1 Rac8 17. Nd1 Be7 18. Qd4 f6 19. c4 Bc5 20. Qd2 b4 21. Bd3 Bd6 22. g3 Ne5 23. Qe2 f5 24. Bxe5 Bxe5 25.
exf5 Qc6 26. Be4 Qxe4 27. Qxe4 Bxe4 28. Rxe4 Rxf5 29. Ne3 Rh5 30. g4 Bxh2+ 31. Kg2 Rh6 32. g5 Rh5 33. Rh1 Rc5 34. Rxh2 Rcxg5+ 35. Rg4 Rxh2+ 36. Kxh2 Rc5 37. Rd4 Rc7 38. Rd6 a5 39. Ra6 Rc5 40.
Rd6 Rc7 41. Nc2 Kf7 42. Nd4 Ke7 43. Nb5 Rc5 44. Ra6 Re5 45. Rxa5 Re2 46. Kg2 h5 47. Ra4 h4 48. Rxb4 g5 49. a4 g4 50. c5 g3 51. Rxh4 gxf2 52. Kf1 Rb2 53. b4 e5 54. a5 Ra2 55. Nc3 Ra3 56. Ne4 Ke6 57. Nxf2 Kd5 58. Ke2 Ra2+ 59. Ke3 Ra3+ 60. Nd3 e4 61.
Rxe4 1-0

[Event "Late-Titled-Tuesday-Blitz-December-26-2023"]
[Site "Chess.com"]
[Date "2023.12.26"]
[Round "6"]
[White "ural58"]
[Black "gahryman"]
[Result "0-1"]
[WhiteElo "2478"]
[BlackElo "2655"]
[TimeControl "180+1"]
[EndTime "15:06:47 PST"]
[Termination "gahryman won by checkmate"]

1. e4 c5 2. b3 d6 3. Bb2 Nf6 4.
Bxf6 exf6 5. Bd3 g6 6. Nc3 Bg7 7. f4 O-O 8. f5 Nc6 9. Nf3 Nb4 10. O-O Nxd3 11. cxd3 Bd7 12. Qe1 Bc6 13. Qg3 d5 14. h4 Re8 15. Rae1 dxe4 16. dxe4 Qb8 17. Qh3 Qd6 18. h5 g5 19. h6 Bf8 20. Qg4 Bxh6 21.
e5 Bxf3 22. Rxf3 Rxe5 23. Ne4 Qd4+ 24. Kh2 Bg7 25. d3 Rae8 26. Rc1 b5 27. Rh3 h6 28. a4 a6 29. axb5 axb5 30. b4 Qxb4 31. Qh5 Rxe4 32. dxe4 Qxe4 33. Qf3 Qe5+ 34. Kh1 c4 35. Qc6 Bf8 36.
Rf3 Bd6 37. g3 Kg7 38. Kg2 Re7 39. Rc2 h5 40. Rcf2 h4 41. gxh4 Qh2+ 42. Kf1 Qh1# 0-1

[Event "Late-Titled-Tuesday-Blitz-December-26-2023"]
[Site "Chess.com"]
[Date "2023.12.26"]
[Round "6"]
[White "carokannlover213"]
[Black "Petukhov_Dmitry"]
[Result "1-0"]
[WhiteElo "2688"]
[BlackElo "2474"]
[TimeControl "180+1"]
[EndTime "15:06:50 PST"]
[Termination "carokannlover213 won on time"]

1. e4 c5 2. Nf3 d6 3. d4 cxd4 4. Nxd4 Nf6 5. Nc3 Nc6 6. Bg5 Bd7 7. Qd2 Rc8 8. Nxc6 Bxc6 9. f3 h6 10. Be3 g5 11. O-O-O Bg7 12. Kb1 Qa5 13. Bd4 b5 14. Nxb5 Qxd2 15. Rxd2 Bd7 16. Nxa7 Rb8 17. e5 Nd5 18. e6 Nc3+ 19. Ka1 Bxd4 20. exd7+ Kxd7 21. Rxd4 Rb7 22. bxc3 Rxa7 23. Bb5+ Ke6 24. a4 Rc8 25. c4 Kf6 26. Kb2 Rac7 27. Rhd1 Rc5 28.
Kb3 Re5 29. Re4 Rec5 30. Rd5 R5c7 31. g4 Kg7 32. Kb4 Kf6 33. a5 Rd8 34. a6 e6 35.
Rd1 Ke7 36. Red4 Ra7 37. Ka5 Rc7 38. Kb6 Rcc8 39. a7 Ra8 40. Rxd6 Rxd6+ 41. Rxd6 Kxd6 42. c5+ Ke7 43. c6 1-0

[Event "Late-Titled-Tuesday-Blitz-December-26-2023"]
[Site "Chess.com"]
[Date "2023.12.26"]
[Round "6"]
[White "johnmez"]
[Black "Dewarfd"]
[Result "1-0"]
[WhiteElo "2306"]
[BlackElo "2111"]
[TimeControl "180+1"]
[EndTime "15:06:50 PST"]
[Termination "johnmez won by resignation"]

1. e3 d5 2. Nf3 e6 3. c4 c5 4. g3 Nf6 5. Bg2 Be7 6. O-O O-O 7.
cxd5 Nxd5 8. Nc3 Nc6 9. d4 cxd4 10. Nxd4 Bf6 11. Nxd5 exd5 12. Nb3 Be6 13. Nc5 b6 14.
Nxe6 fxe6 15. Qa4 Ne5 16. Rd1 Qe8 17. Qb3 Rc8 18. Bd2 Qh5 19. e4 Nc4 20. exd5 Bd4 21.
Be3 Bxe3 22. fxe3 exd5 23. Bxd5+ Kh8 24. Bxc4 Qc5 25. Rd4 Rce8 26. Rad1 Rxe3 27. Qxe3 h6 28. Bb3 Qf5 29. Rf4 Qc8 30. Rxf8+ Qxf8 31. Re1 Qb4 32.
Qe8+ Kh7 33. Bc2+ g6 34. Qxg6+ 1-0

[Event "Late-Titled-Tuesday-Blitz-December-26-2023"]
[Site "Chess.com"]
[Date "2023.12.26"]
[Round "6"]
[White "CFalcons8"]
[Black "robertoalejandro10"]
[Result "0-1"]
[WhiteElo "2261"]
[BlackElo "2568"]
[TimeControl "180+1"]
[EndTime "15:06:52 PST"]
[Termination "robertoalejandro10 won by resignation"]

1. d4 Nf6 2. Nf3 c5 3. d5 d6 4.
c4 g6 5. Nc3 Bg7 6. Qc2 O-O 7.
e4 Na6 8. a3 Nc7 9. Be2 a6 10.
h3 Rb8 11. a4 b5 12. axb5 axb5 13. cxb5 Bd7 14. Be3 Nxb5 15. O-O Qb6 16. Nd2 Nd4 17.
Bxd4 cxd4 18. Nc4 Qc5 19. Na4 Bxa4 20. Rxa4 Rfc8 21. Qd3 Nd7 22. f4 Qc7 23. Qa3 Nc5 24. Ra7 Rb7 25. Rxb7 Qxb7 26. Na5 Qd7 27. Bg4 f5 28.
exf5 gxf5 29. Be2 d3 30. Bxd3 Nxd3 31. Qxd3 Qa7+ 32. Kh2 Qxa5 33. Qxf5 Qc7 34. Rf3 Rf8 35. Qe6+ Kh8 36. Rg3 Qc1 37. Qg4 Rf7 38. Qe6 Qxf4 39. Qc8+ Rf8 40. Qe6 Be5 41. h4 Qxg3+ 0-1

[Event "Late-Titled-Tuesday-Blitz-December-26-2023"]
[Site "Chess.com"]
[Date "2023.12.26"]
[Round "6"]
[White "cthake"]
[Black "PushingpawnsNYC"]
[Result "0-1"]
[WhiteElo "1925"]
[BlackElo "2482"]
[TimeControl "180+1"]
[EndTime "15:06:52 PST"]
[Termination "PushingpawnsNYC won on time"]

1. e4 c5 2. Nf3 e6 3. c4 a6 4. Nc3 Qc7 5. d4 cxd4 6. Nxd4 b6 7. Be3 Bb7 8. Be2 Nf6 9. f3 Nc6 10. O-O Nxd4 11. Bxd4 Bd6 12. Qd2 Bxh2+ 13. Kh1 Bf4 14. Be3 Nh5 15. Rf2 Ng3+ 16. Kg1 Bxe3 17. Qxe3 Nxe2+ 18.
Qxe2 O-O 19. b3 f5 20. e5 b5 21. Rd1 bxc4 22. Qxc4 Rac8 23. Qxc7 Rxc7 24. Na4 Bd5 25. Nb6 Bc6 26. Rfd2 Rd8 27. Nc4 h6 28. Kf2 Bd5 29. Nb6 Bc6 30. Ke3 Rb7 31. Nc4 Bd5 32. Nd6 Rb4 33. Rc1 a5 34. Rc7 a4 35. Nc4 axb3 36. axb3 Rxb3+ 37. Kd4 Rb4 38. Rc2 Bxc4 39.
R2xc4 Rxc4+ 40. Kxc4 Kf7 41. Kc5 Ke7 42. f4 Ra8 43.
Rb7 Ra2 44. g3 Ra3 0-1

[Event "Late-Titled-Tuesday-Blitz-December-26-2023"]
[Site "Chess.com"]
[Date "2023.12.26"]
[Round "6"]
[White "IranianCheetah"]
[Black "monalize"]
[Result "0-1"]
[WhiteElo "2344"]
[BlackElo "2489"]
[TimeControl "180+1"]
[EndTime "15:06:53 PST"]
[Termination "monalize won on time"]

1. e4 c5 2. Nf3 d6 3. d4 cxd4 4. Nxd4 Nf6 5. Nc3 a6 6. h3 h5 7.
Bg5 Nbd7 8. Qd2 b5 9. Bd3 Bb7 10.
a3 Rc8 11. O-O e6 12. Rfe1 Be7 13. Rad1 Qc7 14. Kh1 Ne5 15. f4 Ned7 16. Qf2 h4 17. Qf3 Nc5 18. Re2 Nh5 19. Bxe7 Qxe7 20. Kh2 Qf6 21.
Bxb5+ axb5 22. Ndxb5 Qxf4+ 23. Qxf4 Nxf4 24. Nxd6+ Ke7 25.
Nxc8+ Rxc8 26. Red2 Nxe4 27. Nxe4 Bxe4 28. Rd7+ Kf6 29. Rf1 g5 30. c3 Bg6 31. Rd2 e5 32.
g3 hxg3+ 33. Kxg3 Ke6 34. h4 gxh4+ 35. Kxh4 Rg8 36. Re1 Bf5 0-1

[Event "Late-Titled-Tuesday-Blitz-December-26-2023"]
[Site "Chess.com"]
[Date "2023.12.26"]
[Round "6"]
[White "Smile2005"]
[Black "olawsson"]
[Result "0-1"]
[WhiteElo "2361"]
[BlackElo "2174"]
[TimeControl "180+1"]
[EndTime "15:06:53 PST"]
[Termination "olawsson won by checkmate"]

1. e4 c5 2. Nf3 a6 3. d4 cxd4 4. Nxd4 Nf6 5. Nc3 e5 6. Nf3 Bb4 7. Bd3 d5 8. exd5 e4 9. Qe2 O-O 10. Bxe4 Nxe4 11. Qxe4 Re8 12. Ne5 Bxc3+ 13. bxc3 f6 14.
f4 Nd7 15. O-O fxe5 16. d6 Qb6+ 17. Be3 Qxd6 18. Bd4 Nf6 19. fxe5 Nxe4 20. exd6 Nxd6 21. Rab1 Bd7 22. Rfd1 Bc6 23. Bxg7 Kxg7 24. Rxd6 Re2 25. Kh1 Rae8 26. h4 Rxc2 27. h5 Bxg2+ 28. Kg1 Bc6 29.
h6+ Kh8 30. Rf6 Rg8+ 31. Kf1 Bb5+ 32. Rxb5 axb5 33. Rf7 Rb8 34. Rf5 Rxc3 35. Rxb5 Ra3 36. Rb2 Ra6 37. Rh2 Rf8+ 38. Ke1 Rff6 39. Rb2 Rxh6 40.
Rxb7 Rxa2 41. Rb8+ Kg7 42. Rb7+ Kg6 43. Rb6+ Kg5 44.
Rb5+ Kg4 45. Rb4+ Kg3 46. Rb3+ Kg2 47. Rf3 Rh1+ 48. Rf1 Rxf1# 0-1

[Event "Late-Titled-Tuesday-Blitz-December-26-2023"]
[Site "Chess.com"]
[Date "2023.12.26"]
[Round "6"]
[White "Maitreia"]
[Black "DishonorOnYourCow"]
[Result "1/2-1/2"]
[WhiteElo "2717"]
[BlackElo "2563"]
[TimeControl "180+1"]
[EndTime "15:06:56 PST"]
[Termination "Game drawn by repetition"]

1. c4 e5 2. g3 Nc6 3. Bg2 Bc5 4. Nc3 d6 5. d3 a6 6. Nf3 Ba7 7. O-O Nf6 8. a3 O-O 9. b4 h6 10. Be3 Ne7 11. Bxa7 Rxa7 12. a4 Be6 13. Nd2 Qd7 14. b5 Bh3 15. Qb3 Bxg2 16. Kxg2 axb5 17. axb5 Rfa8 18. Rxa7 Rxa7 19. e4 c6 20. Qb4 d5 21.
Qc5 Ra8 22. cxd5 cxd5 23. Nxd5 Nexd5 24. exd5 Qxd5+ 25. Qxd5 Nxd5 26. Nc4 f6 27. Nd6 b6 28. Rc1 Ra3 29. Rd1 Rb3 30. d4 exd4 31. Rxd4 Nc7 32.
Rc4 Nxb5 33. Nf5 Kf7 34. Rc6 Nc3 35. Rc7+ Kg6 36. g4 Kg5 37. Rxg7+ Kf4 38. Nxh6 Ne4 39. g5 Nxg5 40. Ng8 Ne4 41. Rf7 Kg5 42. Rg7+ Kf4 43. Rf7 Ke5 44. Re7+ Kf4 45. Rf7 1/2-1/2

[Event "Late-Titled-Tuesday-Blitz-December-26-2023"]
[Site "Chess.com"]
[Date "2023.12.26"]
[Round "6"]
[White "Grindaveci"]
[Black "yaguigor"]
[Result "0-1"]
[WhiteElo "2380"]
[BlackElo "2582"]
[TimeControl "180+1"]
[EndTime "15:07:02 PST"]
[Termination "yaguigor won by resignation"]

1. e4 c5 2. Nf3 Nc6 3. c3 Nf6 4. e5 Nd5 5. d4 cxd4 6. cxd4 d6 7. Bc4 e6 8. O-O Be7 9. Qe2 O-O 10. Nc3 dxe5 11. dxe5 Nxc3 12. bxc3 Qc7 13. Bd3 b6 14. h4 Bb7 15. Qe4 g6 16. Qf4 Rad8 17. Bc2 f5 18. h5 Rf7 19. Bb3 Bc8 20. hxg6 hxg6 21. Ng5 Bxg5 22. Qxg5 Qxe5 23. Ba4 Ne7 24. Ba3 Qg7 25. Rad1 Rxd1 26. Rxd1 Nd5 27. Qd8+ Kh7 28. Qxc8 Qxc3 29. Qxe6 Rc7 30. Rxd5 Qxa3 31. Be8 Qc1+ 32. Kh2 Qf4+ 33. Kh3 Qg4+ 34. Kh2 Qh4+ 0-1

[Event "Late-Titled-Tuesday-Blitz-December-26-2023"]
[Site "Chess.com"]
[Date "2023.12.26"]
[Round "6"]
[White "Skatchkov_V"]
[Black "enriquetejedor"]
[Result "1-0"]
[WhiteElo "2592"]
[BlackElo "2729"]
[TimeControl "180+1"]
[EndTime "15:07:03 PST"]
[Termination "Skatchkov_V won by resignation"]

1. d4 Nf6 2. c4 e6 3. Nf3 b6 4. g3 Bb7 5. Bg2 Bb4+ 6. Bd2 a5 7.
O-O O-O 8. Bf4 d5 9. cxd5 Bxd5 10. Nc3 Bxc3 11. bxc3 Nbd7 12. Re1 b5 13. Qd3 Bc4 14.
Qc2 Nd5 15. Bg5 Qc8 16. e4 N5b6 17. Nd2 c5 18. d5 exd5 19. Nxc4 dxc4 20. e5 Ra7 21. e6 fxe6 22. Rxe6 b4 23. Be4 Nf6 24.
Rxb6 Nxe4 25. Qxe4 Raf7 26. Qxc4 h6 27. Be3 Qh3 28.
Rb7 Qf5 29. Rxf7 Rxf7 30. Qxc5 Qf6 31. Rc1 bxc3 32. Qxa5 h5 33. h4 Qf3 34. Qxc3 Kh7 35. Qd3+ g6 36. Qd4 Qa8 37. a4 Qe8 38. a5 Rd7 39.
Qf4 Rg7 40. Rc7 Rxc7 41. Qxc7+ Kg8 42. a6 Qa4 43. a7 Qa1+ 44. Kh2 g5 45. Qb8+ Kf7 46.
a8=Q Qxa8 47. Qxa8 gxh4 48. gxh4 Kf6 49. Kg3 Kf5 50.
Qd5+ Kg6 51. Qg5+ Kf7 52. Qxh5+ Kf6 53. Qg5+ Ke6 54. h5 Kf7 55. h6 1-0

[Event "Late-Titled-Tuesday-Blitz-December-26-2023"]
[Site "Chess.com"]
[Date "2023.12.26"]
[Round "6"]
[White "egnfanclub"]
[Black "Statham_l3"]
[Result "1-0"]
[WhiteElo "2370"]
[BlackElo "2562"]
[TimeControl "180+1"]
[EndTime "15:07:06 PST"]
[Termination "egnfanclub won on time"]

1. e4 c5 2. Nc3 Nc6 3. f4 g6 4. Nf3 Bg7 5. Bc4 e6 6. f5 exf5 7. d3 Nge7 8. O-O O-O 9. Bg5 h6 10. Bh4 d6 11. Nd5 Be6 12. exf5 Bxf5 13. Qe1 Re8 14. Nf6+ Bxf6 15. Bxf6 d5 16. Qh4 h5 17. Bb5 Qd6 18. Qg5 Kh7 19. Nh4 Ng8 20. Rxf5 Re6 21. Bxc6 bxc6 22. Be5 Qd7 23. Rf3 Rae8 24. Raf1 R8e7 25. Bc3 Qe8 26. Nf5 d4 27. Nxe7 Rxe7 28. Bd2 f6 29. Qf4 Re6 30. Qc7+ Re7 31. Qd6 Kg7 32.
Qxc5 Re6 33. Qxd4 Qf7 34. Bc3 Ne7 35. Qxa7 1-0

[Event "Late-Titled-Tuesday-Blitz-December-26-2023"]
[Site "Chess.com"]
[Date "2023.12.26"]
[Round "6"]
[White "mariofs"]
[Black "PoXerStar"]
[Result "0-1"]
[WhiteElo "2196"]
[BlackElo "2427"]
[TimeControl "180+1"]
[EndTime "15:07:06 PST"]
[Termination "PoXerStar won by resignation"]

1. d4 Nf6 2. Nc3 d5 3. Bf4 c5 4.
e3 cxd4 5. exd4 Bg4 6. f3 Bd7 7.
a3 Nc6 8. Bd3 Nxd4 9. Qd2 Nc6 10. O-O-O e5 11. Bg3 d4 12. Ne4 Be7 13. h4 Nd5 14. h5 f5 15. Nf2 Bg5 16. f4 Nxf4 17. Kb1 Nxg2 18. Qe2 Ne3 19. Re1 O-O 20. Ngh3 Bf6 21.
Nd1 f4 22. Bf2 Bg4 23. Qd2 Nxd1 24. Rxd1 Bxd1 25. Qxd1 Qd5 26. Rg1 e4 27. Be2 f3 28.
Bf1 Rad8 29. b3 Kh8 30. Nf4 Qf5 31. Bg3 Bg5 32. Bh3 Bxf4 33. Bxf5 Rxf5 34. Bh4 Re8 35. Rg4 Bh6 36. b4 e3 37. Qd3 Rxh5 38. Bg3 a6 39. Re4 Rf8 40. a4 f2 41. Rf4 Bxf4 42. Bxf4 Rxf4 43.
b5 f1=Q+ 44. Kb2 Qxd3 0-1

[Event "Late-Titled-Tuesday-Blitz-December-26-2023"]
[Site "Chess.com"]
[Date "2023.12.26"]
[Round "6"]
[White "GothamChess"]
[Black "zsoltkorpics"]
[Result "1-0"]
[WhiteElo "2684"]
[BlackElo "2504"]
[TimeControl "180+1"]
[EndTime "15:07:07 PST"]
[Termination "GothamChess won by resignation"]

1. e4 c5 2. Nc3 Nc6 3. Bb5 Na5 4.
d4 cxd4 5. Qxd4 a6 6. Bd3 Nc6 7.
Qe3 Nf6 8. Nf3 d6 9. h3 g6 10.
b3 Bg7 11. Bb2 O-O 12. O-O-O Qa5 13. Kb1 b5 14. g4 Nd7 15. Be2 Nc5 16. Nd5 Bxb2 17.
Kxb2 b4 18. Nd4 Nxd4 19. Nxe7+ Kg7 20. Qxd4+ f6 21. g5 Ne6 22. Qxd6 Nxg5 23. Bc4 Qe5+ 24. Qxe5 fxe5 25. Bd5 Rb8 26. h4 Ne6 27. Nxc8 Nd4 28. Nd6 Rxf2 29. Rc1 Rb6 30. Nc4 Rb7 31. Bxb7 Nb5 32.
Rhf1 Rh2 33. Bxa6 Nc3 34. Bb7 Rxh4 35. a3 bxa3+ 36. Kxc3 Rh3+ 37. Kb4 Rh4 38. Bd5 Rh2 39. Kxa3 h5 40. Nxe5 Kh6 41. Nf3 Re2 42. Nd4 Rd2 43.
Nf3 1-0